 Dungeon Crawl Stone Soup version 0.23-a0-831-g5da158a (webtiles) character file.

56 tidbits the Cutter (level 3, -4/28 HPs)
             Began as a Gnoll Wanderer on Jan 23, 2019.
             Slain by an ogre
             ... wielding a +0 giant club
              (10 damage)
             ... on level 4 of the Dungeon.
             The game lasted 00:04:30 (350 turns).

tidbits the Cutter (Gnoll Wanderer)                  Turns: 350, Time: 00:04:30

Health: -4/28      AC:  7    Str: 13    XL:     3   Next: 97%
Magic:  4/4        EV: 11    Int: 15    God:
Gold:   22         SH:  0    Dex: 15    Spells: 3/4 levels left

rFire    . . .     SeeInvis .   a - +2 dagger
rCold    . . .     Gourm    .   (no shield)
rNeg     . . .     Faith    .   B - +0 ring mail
rPois    .         Spirit   .   (no helmet)
rElec    .         Reflect  .   (no cloak)
rCorr    .         Harm     .   (no gloves)
MR       .....                  (no boots)
Stlth    ++........             (no amulet)
HPRegen  0.09/turn              U - +2 ring of protection
MPRegen  0.09/turn              (no ring)

@: about to teleport
A: distributed training, fangs 1, strong nose
a: no special abilities


You were on level 4 of the Dungeon.
You were full.

You visited 1 branch of the dungeon, and saw 4 of its levels.

You collected 22 gold pieces.

Inventory:

Hand Weapons
 a - a +2 dagger (weapon)
 b - a +0 short sword
 e - a +0 flail
Missiles
 i - 2 javelins (quivered)
Armour
 B - a +0 ring mail (worn)
Jewellery
 j - a +4 ring of dexterity {unknown}
   (You found it on level 4 of the Dungeon)
 U - a +2 ring of protection (left hand)
   (You found it on level 1 of the Dungeon)
Scrolls
 g - a scroll of remove curse {unknown}
Potions
 c - a potion of magic
 d - a potion of berserk rage
 h - a potion of cancellation
Comestibles
 f - a ration


   Skills:
 + Level 2.6 Fighting
 + Level 6.5 Short Blades
 + Level 1.0 Long Blades
 + Level 1.0 Axes
 + Level 2.6 Maces & Flails
 + Level 1.0 Polearms
 + Level 1.0 Staves
 + Level 1.0 Slings
 + Level 1.0 Bows
 + Level 1.0 Crossbows
 + Level 1.0 Throwing
 + Level 2.6 Armour
 + Level 2.6 Dodging
 + Level 4.2 Stealth
 + Level 2.6 Shields
 + Level 1.0 Unarmed Combat
 + Level 1.0 Spellcasting
 + Level 0.7 Conjurations
 + Level 0.7 Hexes
 + Level 0.7 Charms
 + Level 0.7 Summonings
 + Level 0.7 Necromancy
 + Level 0.7 Translocations
 + Level 0.7 Transmutations
 + Level 0.7 Fire Magic
 + Level 0.7 Ice Magic
 + Level 0.7 Air Magic
 + Level 0.7 Earth Magic
 + Level 0.7 Poison Magic
 + Level 1.0 Invocations
 + Level 1.0 Evocations


You had 3 spell levels left.
You knew the following spells:

 Your Spells              Type           Power        Failure   Level  Hunger
t - Confusing Touch       Hex            #.....       36%         1    ##.....

Your spell library contained the following spells:

 Spells                   Type           Power        Failure   Level  Hunger
 Confuse                  Hex            #.......     75%         3    ####...
 Gell's Gravitas          Tloc           #.........   75%         3    ####...
 Petrify                  Tmut/Erth      #.......     98%         4    #####..
 Metabolic Englaciation   Hex/Ice        #.........   100%        5    ######.
 Yara's Violent Unravell  Hex/Tmut       #.........   100%        5    ######.


Dungeon Overview and Level Annotations

Branches:
Dungeon (4/15)
 Temple: D:4-7

Altars:

Annotations:
D:4 Blork the orc


Innate Abilities, Weirdness & Mutations

Your experience applies equally to all skills.
You have very sharp teeth.
Your uncanny sense of smell can sniff out nearby items.


Message History

You hit the giant cockroach but do no damage.
The giant cockroach is severely wounded.
A gnoll comes into view. It is wielding a +0 flail.
The giant cockroach completely misses you.
You hit the giant cockroach but do no damage.
Your bite misses the giant cockroach.
The giant cockroach is severely wounded.
You hit the giant cockroach but do no damage.
The giant cockroach is severely wounded.
The giant cockroach barely misses you.
You hit the giant cockroach.
You kill the giant cockroach!
You see here a scroll labeled XEMNAI JYBEZ.
i - a scroll labeled XEMNAI JYBEZ
Casting: Confusing Touch (safe; 38% risk of failure)
Confirm with . or Enter, or press ? or * to list all spells.
Your hands begin to glow red.
The gnoll hits you with a +0 flail.
You hit the gnoll but do no damage.
The gnoll appears confused.
You bite the gnoll, but do no damage. The gnoll barely misses you.
You catch the helpless gnoll completely off-guard!
You impale the gnoll!!
You kill the gnoll!
Your Long Blades skill increases to level 1!
Your Axes skill increases to level 1!
Your Polearms skill increases to level 1!
Your Staves skill increases to level 1!
Your Slings skill increases to level 1!
Your Bows skill increases to level 1!
Your Crossbows skill increases to level 1!
Your Throwing skill increases to level 1!
Your Unarmed Combat skill increases to level 1!
Your Spellcasting skill increases to level 1!
Your Evocations skill increases to level 1!
As you read the scroll of identify, it crumbles to dust.
h - a potion of cancellation
As you read the scroll of identify, it crumbles to dust.
i - a scroll of teleportation Adjust (i)tems, (s)pells, or (a)bilities?
Adjust which item? (? for menu, Esc to quit)
i - a scroll of teleportation Adjust to which letter? (? for menu, Esc to quit)
t - a scroll of teleportation You see here a +0 flail.
e - a +0 flail A gnoll comes into view. It is wielding a +0 spear of venom.
Found a stone staircase leading down.
An orc comes into view. It is wielding a +0 club.
Found 2 javelins.
You see here 2 javelins.
i - 2 javelins Throwing (i - inventory)
i - 2 javelins (quivered)
Press: ? - help, Shift-Dir - straight line, f - orc
Aim: an orc, wielding a +0 club You throw a javelin.
The javelin hits the orc!
You kill the orc!
Things that are here:
a javelin; a +0 club
i - 2 javelins (gained 1)
There is a stone staircase leading down here.
You climb downwards.
An ogre and Blork the orc come into view.
Blork the orc shouts!
The ogre shouts!
You hear a shout!
Found a short sword.
There is a stone staircase leading up here.
An ogre comes into view. It is wielding a +0 giant spiked club.
Unknown command.
Blork the orc casts a cantrip, but nothing happens.
Unknown command.
Blork the orc mumbles some strange words.
Blork the orc seems to speed up.
Okay, then.
Blork the orc suddenly jeers.
An ooze comes into view.
Found 15 gold pieces and an emerald ring.
The ooze quivers.
Found a ration.
A hound skeleton comes into view.
Blork the orc mumbles some strange words.
Blork the orc flickers and vanishes!
Unknown command.
You hit the ooze. You bite the ooze, but do no damage.
The ooze is moderately wounded.
The hound skeleton barely misses you. The hound skeleton bites you.
Found a stone staircase leading down.
The hound skeleton misses you. The hound skeleton barely misses you.
You see here an emerald ring.
j - an emerald ring The hound skeleton bites you.
The ooze closely misses you.
The hound skeleton bites you but does no damage.
The ooze misses you. The ogre barely misses you. Something hits you.
* * * LOW HITPOINT WARNING * * *
As you read the scroll of teleportation, it crumbles to dust.
You feel strangely unstable.
The hound skeleton bites you but does no damage.
Something hits you.
* * * LOW HITPOINT WARNING * * *
The ogre hits you with a +0 giant club!
You die...

.........#..#####....).#
........$#...oO.O<..#
.........#.######.....#
########.#.# ##.####
#.#.###### .#
#######O........ .O
#.........#####. .##
#......Z.O# ## ∆
#......J@.# #......%..#
#.........# #.........#
#.......#># #.......#+#
###......∆ #.....


You could see 2 ogres, an ooze and a hound skeleton.

Vanquished Creatures
  A gnoll (D:3)
  2 adders
  2 leopard geckos
  An orc (D:3)
  2 bats (D:2)
  3 giant cockroaches
  3 goblins
  3 hobgoblins
  4 kobolds
  A rat (D:2)
22 creatures vanquished.

Notes
Turn   | Place    | Note
-------+----------+-------------------------------------------
     0 | D:1      | tidbits the Gnoll Wanderer began the quest for the Orb.
     0 | D:1      | tidbits set off with the following items: a +2 dagger, a
                  | potion of berserk rage, a +0 ring mail, a +0 short sword, a
                  | ration
     0 | D:1      | Reached XP level 1. HP: 17/17 MP: 1/1
    96 | D:1      | Reached XP level 2. HP: 18/23 MP: 2/2
   175 | D:2      | Learned a level 1 spell: Confusing Touch
   220 | D:2      | Reached XP level 3. HP: 15/28 MP: 1/3
   282 | D:3      | Reached skill level 1 in Invocations
   302 | D:3      | Reached skill level 1 in Long Blades
   302 | D:3      | Reached skill level 1 in Axes
   302 | D:3      | Reached skill level 1 in Polearms
   302 | D:3      | Reached skill level 1 in Staves
   302 | D:3      | Reached skill level 1 in Slings
   302 | D:3      | Reached skill level 1 in Bows
   302 | D:3      | Reached skill level 1 in Crossbows
   302 | D:3      | Reached skill level 1 in Throwing
   302 | D:3      | Reached skill level 1 in Unarmed Combat
   302 | D:3      | Reached skill level 1 in Spellcasting
   302 | D:3      | Reached skill level 1 in Evocations
   329 | D:4      | Noticed Blork the orc
   329 | D:4      | Noticed an ogre
   330 | D:4      | Noticed an ogre
   350 | D:4      | Slain by an ogre

Vault maps used:
D:1:      matt_arrival_diagonals
D:2:      serial_bayou_lake_a
D:3:      uniq_grinder
D:4:      first_ration, chequers_serial_rivers_micro_b, uniq_blork_the_orc

Skill      XL: |  1  2  3 |
---------------+----------+-----
Invocations    | 1 |  1.0
Long Blades    | 1 |  1.0
Axes           | 1 |  1.0
Polearms       | 1 |  1.0
Staves         | 1 |  1.0
Slings         | 1 |  1.0
Bows           | 1 |  1.0
Crossbows      | 1 |  1.0
Throwing       | 1 |  1.0
Unarmed Combat | 1 |  1.0
Spellcasting   | 1 |  1.0
Evocations     | 1 |  1.0
Fighting       | |  2.6
Short Blades   | |  6.5
Maces & Flails | |  2.6
Armour         | |  2.6
Dodging        | |  2.6
Stealth        | |  4.2
Shields        | |  2.6
Conjurations   | |  0.7
Hexes          | |  0.7
Charms         | |  0.7
Summonings     | |  0.7
Necromancy     | |  0.7
Translocations | |  0.7
Transmutations | |  0.7
Fire Magic     | |  0.7
Ice Magic      | |  0.7
Air Magic      | |  0.7
Earth Magic    | |  0.7
Poison Magic   | |  0.7

Action                   || total
-------------------------++-------
Melee: Dagger            ||    78
       Bite              ||     9
Throw: Javelin           ||     1
 Cast: Confusing Touch   ||     3
  Use: Scroll            ||     4
 Stab: Confused          ||     2
       Sleeping          ||     2
  Eat: Ration            ||     1
Armor: Ring mail         ||    16
Dodge: Dodged            ||    35

Table legend:
 A = Non-vault XP
 B = Vault XP
 C = Vault XP percentage of total XP
 D = Non-vault monster count
 E = Vault monster count
 F = Vault count percentage of total count
                 A         B        C        D         E       F
            +---------+---------+-------+---------+---------+-------
      Total |      81 |       0 |   0.0 |      22 |       0 |   0.0
            +---------+---------+-------+---------+---------+-------
        D:1 |      17 |       0 |   0.0 |       8 |       0 |   0.0
        D:2 |      30 |       0 |   0.0 |      10 |       0 |   0.0
        D:3 |      34 |       0 |   0.0 |       4 |       0 |   0.0
            +---------+---------+-------+---------+---------+-------

Table legend:
 A = Turns spent in this place as a percentage of turns spent in the entire game.
 B = Non-inter-level travel turns spent in this place as a percentage of non-inter-level travel turns spent in the entire game.
 C = Inter-level travel turns spent in this place as a percentage of turns spent in this place.
 D = Turns resting spent in this place as a percentage of non-inter-level travel turns spent in this place.
 E = Turns spent auto-exploring this place as a percentage of non-inter-level travel turns spent in this place.
 F = Non-inter-level travel turns spent in this place divided by the number of levels of this place that you've seen.
                   A       B       C       D       E      F
               +-------+-------+-------+-------+-------+----------------------
         Total | 100.0 | 100.0 |   0.0 |   0.0 |   0.0 |  87.5
       Dungeon | 100.0 | 100.0 |   0.0 |   0.0 |   0.0 |  87.5
               +-------+-------+-------+-------+-------+----------------------

Table legend:
 A = Kills in this place as a percentage of kills in entire the game.
 B = Kills by you in this place as a percentage of kills by you in the entire game.
 C = Kills by friends in this place as a percentage of kills by friends in the entire game.
 D = Other kills in this place as a percentage of other kills in the entire game.
 E = Experience gained in this place as a percentage of experience gained in the entire game.
 F = Experience gained in this place divided by the number of levels of this place that you have seen.
                   A       B       C       D       E      F
               +-------+-------+-------+-------+-------+----------------------
         Total | 100.0 | 100.0 |   N/A |   N/A | 100.0 |  20.2
       Dungeon | 100.0 | 100.0 |   N/A |   N/A | 100.0 |  20.2
               +-------+-------+-------+-------+-------+----------------------

Vault maps used:
D:1:      matt_arrival_diagonals
D:2:      serial_bayou_lake_a
D:3:      uniq_grinder
D:4:      first_ration, chequers_serial_rivers_micro_b, uniq_blork_the_orc
